 Dungeon Crawl Stone Soup version 0.26-a0-215-g1b87330c0f (webtiles) character file.

Game seed: 10133372115695591519

231 BritishOli the Slasher (level 5, -4/41 HPs)
             Began as a Demonspawn Gladiator on July 6, 2020.
             Slain by a gnoll
             ... wielding a +0 halberd
              (11 damage)
             ... on level 4 of the Dungeon.
             The game lasted 00:04:18 (2653 turns).

BritishOli the Slasher (Demonspawn Gladiator)       Turns: 2653, Time: 00:04:22

Health: -4/41      AC:  7    Str: 15    XL:     5   Next: 72%
Magic:  5/5        EV: 13    Int: 10    God:
Gold:   150        SH:  0    Dex: 14    Spells: 4/4 levels left

rFire    + . .     SeeInvis .   a - +0 long sword
rCold    . . .     Faith    .   (no shield)
rNeg     . . .     Spirit   .   f - +1 ring mail {rF+}
rPois    .         Reflect  .   c - +0 helmet
rElec    .         Harm     .   (no cloak)
rCorr    .                      (no gloves)
MR       .....                  (no boots)
Stlth    +.........             (no amulet)
HPRegen  0.13/turn              (no ring)
MPRegen  0.09/turn              (no ring)

@: no status effects
A: demonic guardian 1, powered by death 1, sturdy frame 1
a: no special abilities


You were on level 4 of the Dungeon.
You were not hungry.

You visited 1 branch of the dungeon, and saw 4 of its levels.

You collected 150 gold pieces.

Inventory:

Hand Weapons
 a - a +0 long sword (weapon)
Missiles
 d - 3 throwing nets (quivered)
Armour
 c - a +0 helmet (worn)
 f - a +1 ring mail of fire resistance (worn)
Wands
 m - a wand of enslavement (9)
 r - a wand of disintegration (20)
Scrolls
 e - 2 scrolls of identify {unknown}
 g - 2 scrolls of teleportation {unknown}
 i - 2 scrolls of enchant weapon {unknown}
 j - a scroll of amnesia {unknown}
 l - 2 scrolls of fear {unknown}
 n - a scroll of remove curse {unknown}
 q - a scroll of magic mapping {unknown}
Potions
 h - 4 potions of might {unknown}
 k - 2 potions of curing {unknown}
 o - a potion of resistance {unknown}
 p - a potion of invisibility {unknown}
 s - a potion of stabbing {unknown}


   Skills:
 + Level 3.2 Fighting
 * Level 4.1 Long Blades
 - Level 2.0 Throwing
 + Level 2.0 Armour
 + Level 3.5 Dodging


You had 4 spell levels left.
You didn't know any spells.
Your spell library was empty.

Dungeon Overview and Level Annotations

Branches:
Dungeon (4/15)
 Temple: D:4-7

Altars:


Innate Abilities, Weirdness & Mutations

A weak demonic guardian rushes to your aid.
You regenerate a little health from kills.
Your movements are slightly less encumbered by armour. (ER -2)


Message History

The gnoll is heavily wounded.
The gnoll hits you with a +0 halberd.
You hit the gnoll but do no damage.
The gnoll is moderately wounded.
The gnoll hits you.
Your iron imp hits the gnoll.
The gnoll hits you with a +0 spear. The gnoll barely misses you.
The gnoll hits you with a +0 halberd.
You slash the gnoll!
The gnoll is almost dead.
Your iron imp closely misses the gnoll.
The gnoll hits you with a +0 spear.
* * * LOW HITPOINT WARNING * * *
The gnoll barely misses you. The gnoll hits you with a +0 halberd.
* * * LOW HITPOINT WARNING * * *
You closely miss the gnoll.
The gnoll is almost dead.
Your iron imp barely misses the gnoll.
The gnoll closely misses you.
You riposte.
You barely miss the gnoll.
The gnoll is heavily wounded.
The gnoll misses you. The gnoll hits you with a +0 halberd!
You die...

#######.........##
##.....##.........#
##......##.........##
##........#..........#
##.........#..........#
##....................##
###..............##...###
.........gg......##.###
#.........@g....#####
#...>.....)5.....##
..................###
....................###
......................####
...................###...##
..................## ####..
................## ###
...........#...#


You could see 3 gnolls and a friendly iron imp (summoned).

Vanquished Creatures
  A bullfrog (D:3)
  An orc wizard (D:4)
  4 adders
  2 oozes
  3 worms
  3 leopard geckos
  2 orcs
  A giant cockroach (D:2)
  6 goblins
  7 hobgoblins
  6 jackals
  8 kobolds
  A quokka (D:3)
  11 bats
  7 frilled lizards
  7 rats
70 creatures vanquished.

Vanquished Creatures (collateral kills)
  A scorpion (D:2)
  An adder (D:2)
  An orc (D:3)
3 creatures vanquished.

Grand Total: 73 creatures vanquished

Notes
Turn   | Place    | Note
-------+----------+-------------------------------------------
     0 | D:1      | BritishOli the Demonspawn Gladiator began the quest for the
                  | Orb.
     0 | D:1      | Reached XP level 1. HP: 16/16 MP: 1/1
   272 | D:1      | Gained mutation: You regenerate a little health from kills.
                  | [demonic ancestry]
   272 | D:1      | Reached XP level 2. HP: 22/22 MP: 2/2
   500 | D:1      | You fall into a shaft and drop 1 floor!
   504 | D:2      | Reached skill level 3 in Long Blades
   518 | D:2      | Gained mutation: A weak demonic guardian rushes to your
                  | aid. [demonic ancestry]
   518 | D:2      | Reached XP level 3. HP: 27/28 MP: 3/3
   583 | D:2      | Reached skill level 1 in Armour
   668 | D:2      | Noticed a scorpion
   708 | D:2      | Killed a scorpion
   708 | D:2      | Reached XP level 4. HP: 34/34 MP: 4/4
  1814 | D:3      | Gained mutation: Your movements are slightly less
                  | encumbered by armour. (ER -2) [demonic ancestry]
  1814 | D:3      | Reached XP level 5. HP: 40/40 MP: 5/5
  2250 | D:3      | Reached skill level 4 in Long Blades
  2653 | D:4      | Slain by a gnoll

Illustrated notes

Levels and vault maps discovered:
D:1:      roderic_chinese_lattice_arrival, layout_rooms,
          corexii_item_surrounded_by_moat
D:2:      layout_rooms
D:3:      layout_rooms
D:4:      layout_cave_pods, minmay_splitting_lines, lemuel_altar_in_water

Skill      XL: |  1  2  3  4  5 |
---------------+----------------+-----
Throwing       | 2 |  2.0
Long Blades    | 3 4 |  4.1
Dodging        | 3 |  3.5
Armour         | 1 2 |  2.0
Fighting       | 3 |  3.2

Action                   |  1- 3 |  4- 6 || total
-------------------------+-------+-------++-------
Melee: Long sword        |    64 |   134 ||   198
 Stab: Sleeping          |     1 |       ||     1
  Eat: Ration            |       |     2 ||     2
Armor: Leather armour    |    23 |    13 ||    36
       Ring mail         |       |    51 ||    51
Dodge: Dodged            |    61 |   129 ||   190
       Rpst.: Long sword |    23 |    44 ||    67

Table legend:
 A = Non-vault XP
 B = Vault XP
 C = Vault XP percentage of total XP
 D = Non-vault monster count
 E = Vault monster count
 F = Vault count percentage of total count
                 A         B        C        D         E       F
            +---------+---------+-------+---------+---------+-------
      Total |     330 |       0 |   0.0 |      73 |       0 |   0.0
            +---------+---------+-------+---------+---------+-------
        D:1 |      31 |       0 |   0.0 |      16 |       0 |   0.0
        D:2 |     118 |       0 |   0.0 |      29 |       0 |   0.0
        D:3 |     147 |       0 |   0.0 |      25 |       0 |   0.0
        D:4 |      34 |       0 |   0.0 |       3 |       0 |   0.0
            +---------+---------+-------+---------+---------+-------
